 Dungeon Crawl Stone Soup version 0.29.1-15-g9cfb28693d (webtiles) character file.

Game seed: 5489948794960566076

256 Mune the Ducker (level 6, -1/40 HPs)
             Began as a Djinni Fire Elementalist on Mar 13, 2023.
             Slain by a hobgoblin (3 damage)
             ... on level 3 of the Dungeon.
             The game lasted 00:06:43 (5199 turns).

Mune the Ducker (Djinni Fire Elementalist)          Turns: 5199, Time: 00:06:43

Health: -1/40      AC:  2    Str:  7    XL:     6   Next: 39%
Gold:   132        EV: 13    Int: 19    God:
                   SH:  0    Dex: 13

rFire   + + .      SeeInvis .   (no weapon)
rCold   x . .      Faith    .   (no shield)
rNeg    . . .      Spirit   .   a - +0 robe
rPois   ∞          Reflect  .   (no helmet)
rElec   .          Harm     .   (no cloak)
rCorr   .          Rampage  .   (no gloves)
Will    .....                   (boots unavailable)
Stlth   ++........              (no amulet)
HPRegen 0.13/turn               (no ring)
MPRegen 0.00/turn               (no ring)

@: flying, very slightly contaminated
A: sickness immunity, fire resistance 2, cold vulnerability 1, float, innate
caster, HP casting, extra vitality 1
a: no special abilities


You were on level 3 of the Dungeon.
You visited 1 branch of the dungeon, and saw 3 of its levels.

You collected 132 gold pieces.

Inventory:

Armour
 a - a +0 robe (worn)
Jewellery
 n - a +4 ring of evasion
Wands
 k - a wand of roots (11)
Scrolls
 b - a scroll of noise {unknown}
 c - a scroll of blinking {unknown}
 d - 4 scrolls of identify {unknown}
 g - a scroll of magic mapping {unknown}
 i - 2 scrolls of immolation {unknown}
 m - a scroll of enchant armour {unknown}
 o - a scroll of enchant weapon {unknown}
 q - a scroll of teleportation {unknown}
 r - a scroll of amnesia {unknown}
Potions
 e - 2 potions of curing {unknown}
 f - a potion of haste {unknown}
 h - a potion of ambrosia {unknown}
 j - a potion of mutation {unknown}
 l - a potion of brilliance {unknown}
 p - a potion of resistance {unknown}
 s - a potion of degeneration {unknown}


   Skills:
 + Level 4.3 Dodging
 + Level 3.4 Stealth
 + Level 3.5 Spellcasting


You couldn't memorise any spells.
You knew the following spells:

 Your Spells              Type           Power      Damage    Failure   Level
a - Foxfire               Conj/Fire      64%        2x1d7     3%          1
b - Scorch                Fire           32%        2d7       4%          2
c - Conjure Flame         Conj/Fire      16%        6-21      10%         3
d - Inner Flame           Hex/Fire       16%        N/A       10%         3
e - Flame Wave            Conj/Fire      16%        2d7       32%         4
f - Slow                  Hex            64%        N/A       3%          1
g - Passwall              Tmut/Erth      13%        N/A       4%          2
Your spell library was empty.

Dungeon Overview and Level Annotations

Branches:
Dungeon (3/15)

Altars:
Elyvilon


Innate Abilities, Weirdness & Mutations

You are immune to sickness and miasma.
You are immune to poison.
Your flesh is very heat resistant. (rF++)
You are vulnerable to cold. (rC-)
You float through the air rather than walking.
You learn spells naturally, not from books.
Your magical power is your life essence.
You have superior vitality. (+4 MHP)


Message History

The gnoll hits you with a +0 flail!
Casting: Scorch (safe; 5% risk of failure)
Confirm with . or Enter, or press ? or * to list all spells.
Flames lash the gnoll.
The gnoll is burned terribly!
You kill the gnoll!
The gnoll closely misses you.
Casting: Scorch (safe; 4% risk of failure)
Confirm with . or Enter, or press ? or * to list all spells.
Flames lash the gnoll.
The gnoll is burned terribly!
You kill the gnoll!
Casting: Scorch (safe; 4% risk of failure)
Confirm with . or Enter, or press ? or * to list all spells.
Flames lash the gnoll.
The gnoll is heavily wounded.
The gnoll's fire resistance burns away.
* * * LOW HITPOINT WARNING * * *
The hobgoblin hits you.
* * * LOW HITPOINT WARNING * * *
Casting: Scorch (safe; 4% risk of failure)
Confirm with . or Enter, or press ? or * to list all spells.
You miscast Scorch.
You are very lightly contaminated with residual magic.
Nothing appears to happen.
* * * LOW HITPOINT WARNING * * *
The hobgoblin misses you.
Casting: Scorch (safe; 4% risk of failure)
Confirm with . or Enter, or press ? or * to list all spells.
You conjure some foxfire!
* * * LOW HITPOINT WARNING * * *
The hobgoblin hits you.
* * * LOW HITPOINT WARNING * * *
Your foxfire dissipates!
The foxfire hits the hobgoblin.
The hobgoblin is almost dead.
Casting: Foxfire (safe; 3% risk of failure)
Confirm with . or Enter, or press ? or * to list all spells.
You conjure some foxfire!
* * * LOW HITPOINT WARNING * * *
The hobgoblin hits you.
You die...

########### #.##......)
.........##########.##...#.#)
#... ..##.............###.)
#..####.##.####..####<..#..)
#..†.##.##.####..####..#.##.
#..#...............##.......
.#####..####.##.........##.......
.............##v####.......######
#.....#......##v@..........# ##
#..##.#.#######g####[##.##.# #.
#..##.#.# #)# #. #.##.# #.
#.......# .)) #. #.##.# #.
#####.### ...$# #. .....#####.
###.# ....># .....#..... #...#
......# ##.......... #.###
.......# #..... #.# #.......#
###...


You could see a hobgoblin (ally target).

Vanquished Creatures
  2 orc priests (D:3)
  2 orc wizards (D:3)
  3 gnolls (D:3)
  5 adders
  A worm (D:3)
  2 dart slugs (D:2)
  5 orcs (D:3)
  6 bats
  5 endoplasms
  A giant cockroach (D:2)
  3 hobgoblins
  6 jackals
  3 kobolds (D:1)
  4 quokkas
  5 ball pythons
  7 frilled lizards
  4 goblins
  8 rats
72 creatures vanquished.

Vanquished Creatures (others)
  416 foxfires
416 creatures vanquished.

Grand Total: 488 creatures vanquished

Notes
Turn   | Place    | Note
-------+----------+-------------------------------------------
     0 | D:1      | Mune the Djinni Fire Elementalist began the quest for the
                  | Orb.
     0 | D:1      | Mune set off with the following spells memorised: Foxfire,
                  | Scorch, Conjure Flame, Inner Flame, Flame Wave.
     0 | D:1      | Reached XP level 1. HP: 15/15 MP: 0/0
   485 | D:1      | Reached XP level 2. HP: 14/21 MP: 0/0
  1349 | D:1      | Reached XP level 3. HP: 18/25 MP: 0/0
  1349 | D:1      | Learned a level 1 spell: Slow
  1426 | D:1      | Found a faded altar of an unknown god.
  2260 | D:2      | Reached skill level 3 in Dodging
  2511 | D:2      | Reached XP level 4. HP: 29/31 MP: 0/0
  2637 | D:2      | You are sucked into a shaft and drop 1 floor!
  3501 | D:3      | Found a white marble altar of Elyvilon.
  3751 | D:3      | Reached XP level 5. HP: 32/35 MP: 0/0
  3751 | D:3      | Learned a level 2 spell: Passwall
  4391 | D:3      | Identified the +6 halberd "Dounaubbedy" {vorpal, rC++
                  | Str-5}
  4484 | D:3      | Reached skill level 4 in Dodging
  4484 | D:3      | Reached XP level 6. HP: 28/40 MP: 0/0
  5199 | D:3      | Slain by a hobgoblin

Illustrated notes

Levels and vault maps discovered:
D:1:      dreamdust_arrival_sigmund_warning, layout_basic,
          ebering_ecumenical_altar_abandoned, st_stairs_7
D:2:      layout_loops_cross
D:3:      layout_loops_cross, general_overflow_altar, minmay_checkerbox

Skill      XL: |  1  2  3  4  5 |
---------------+----------------+-----
Stealth        | 2 3 |  3.4
Dodging        | 3 4 |  4.3
Spellcasting   | 3 |  3.5

Action                   |  1- 3 |  4- 6 || total
-------------------------+-------+-------++-------
Melee: Unarmed           |     2 |     6 ||     8
 Cast: Foxfire           |   109 |   159 ||   268
       Inner Flame       |       |     3 ||     3
       Conjure Flame     |       |     1 ||     1
       Scorch            |       |     7 ||     7
Dodge: Dodged            |     9 |    27 ||    36
